Map: Frozen Temple

Players

Miszu - Winner!

  • Race: Terran Terran
  • League: Master

goblin

  • Race: Protoss Protoss
  • League: Master

VOD

Have the link to the VOD?

Description

Time

  • Played on: May 9, 2016, 4:27 p.m.
  • Length: 13:31
Show
View Real Time Build Order
Export as new Build Order

Miszu Terran - Winner!

Build Orders: Command Center First (CC), MMM Bio 

Get SALT Encoding   

  12  0:01  SCV  
  13  0:13  SCV  
  14  0:17  Supply Depot  
  14  0:25  SCV  
  15  0:39  SCV  
  16  0:51  SCV  
  17  1:00  Command Center  
  17  1:04  SCV  
  18  1:17  SCV  
  18  1:18  Barracks  
  19  1:29  SCV  
  19  1:31  Barracks  
  20  1:41  SCV  
  20  1:45  Barracks  
  21  1:53  SCV  
  22  2:05  Marine, Orbital Command  
  23  2:13  Orbital Command  
  23  2:19  Marine  
  24  2:23  Marine  
  25  2:32  Marine  
  25  2:34  SCV  
  26  2:37  Marine  
  26  2:41  Marine  
  28  2:49  Supply Depot  
  28  2:50  Marine  
  29  2:55  Marine  
  30  2:59  Marine  
  31  3:08  Marine  
  32  3:13  Marine  
  32  3:17  Marine  
  34  3:22  Barracks  
  35  3:28  Barracks  
  35  3:30  Refinery x2, SCV  
  35  3:31  Marine, SCV  
  36  3:34  Marine  
  34  3:42  SCV  
  33  3:49  Marine  
  33  3:51  Marine  
  33  3:52  Marine, SCV  
  33  3:54  SCV  
  37  4:04  SCV  
  37  4:06  Marine, SCV  
  38  4:11  Marine  
  38  4:16  Barracks Tech Lab  
  38  4:25  Marine  
  38  4:28  Supply Depot  
  38  4:36  Supply Depot  
  38  4:40  Stimpack  
  38  4:49  Marine x3, SCV x2  
  43  5:01  SCV x2  
  43  5:06  Marine  
  45  5:08  Marine x2  
  45  5:14  SCV x2  
  48  5:17  Marine  
  48  5:20  Supply Depot  
  49  5:21  Supply Depot  
  49  5:26  SCV x2  
  49  5:30  Marine x3  
  49  5:32  Factory  
  52  5:38  SCV x2  
  53  5:49  Marauder  
  54  5:50  SCV x2  
  54  6:02  SCV x2  
  55  6:10  Marauder  
  57  6:13  Marine  
  57  6:14  Barracks Reactor, Barracks Tech Lab, SCV x2  
  57  6:17  Refinery  
  60  6:21  Supply Depot  
  60  6:26  SCV x2  
  60  6:30  Engineering Bay, Starport  
  60  6:32  Marauder  
  63  6:38  Bunker, Marauder, SCV x2  
  62  6:50  Marine x2  
  62  6:51  Marine x2  
  62  6:53  Marauder  
  68  6:59  Marauder  
  69  7:04  Factory Reactor  
  69  7:08  Marine x2, SCV x2  
  70  7:11  Missile Turret  
  70  7:12  Terran Infantry Weapons Level 1  
  73  7:18  Supply Depot x2  
  73  7:19  Marauder  
  73  7:20  SCV x2  
  77  7:32  SCV  
  77  7:35  Supply Depot  
  77  7:36  Combat Shields  
  78  7:37  Concussive Shells  
  78  7:47  Marine x4, Medivac x2  
  78  7:49  Marauder  
  88  7:53  Marauder  
  88  7:58  Supply Depot  
  88  8:01  Supply Depot  
  88  8:05  Marine  
  89  8:08  Factory Reactor  
  89  8:12  Marine x4  
  92  8:16  Medivac  
  94  8:26  Marine, Medivac  
  94  8:27  Marine  
  97  8:29  Command Center  
  97  8:30  Marine  
  97  8:31  Supply Depot x2, Barracks Tech Lab  
  98  8:34  Refinery  
  98  8:35  Marine  
  98  8:36  Marauder  
  101  8:44  Marine  
  71  8:57  Marine x3, Marauder  
  71  9:01  Marauder  
  71  9:02  Marine, Medivac x2  
  80  9:10  Widow Mine x2  
  80  9:14  Marine  
  80  9:15  Marine, Marauder  
  88  9:18  Marauder, SCV x2  
  88  9:20  Marine  
  88  9:22  Marauder  
  95  9:32  Marine  
  95  9:37  Marauder  
  95  9:38  Medivac  
  100  9:39  Marine  
  100  9:40  Marine, Marauder  
  103  9:48  Marauder  
  103  9:51  Orbital Command  
  105  9:57  Marine  
  105  9:58  Marauder  
  108  10:01  Marauder  
  110  10:09  Marauder  
  110  10:11  Marine x2, Widow Mine  
  116  10:19  Marauder, Widow Mine  
  116  10:20  Medivac  
  115  10:23  Marauder  
  116  10:31  Marauder  
  116  10:33  Marine  
  118  10:40  Widow Mine  
  118  10:41  Marauder  
  116  10:44  Marine, Marauder  
  116  10:45  Marine  
  120  10:51  Marine  
  120  10:52  Marauder  
  122  11:00  Widow Mine  
  122  11:02  Marine, Marauder  
  125  11:06  Medivac  
  125  11:09  Marine, Widow Mine  
  120  11:23  Marine  
  120  11:24  Marauder  
  120  11:25  Marauder x2  
  123  11:34  Marine x2  
  122  11:45  Marauder  
  118  11:47  Marauder  
  118  11:50  Marine, Marauder  
  113  12:06  Marauder  
  113  12:07  Marine, Widow Mine x2  
  113  12:08  Medivac  
  123  12:16  SCV  
  123  12:18  SCV  
  124  12:28  Marine  
  124  12:29  Marauder  
  127  12:30  Refinery x2  
  127  12:36  Orbital Command  
  121  12:41  Marine, Marauder  
  121  12:43  Marauder  
  106  12:45  Marine  
  106  12:46  Marine  
  106  12:50  Marauder  
  102  12:58  Marine  
  102  13:02  Marine  
  102  13:03  Marine  
  102  13:04  Marine x2  
Show
View Real Time Build Order
Export as new Build Order

goblin Protoss 

Build Orders:  

Get SALT Encoding   

  12  0:02  Probe (Chrono Boost)  
  13  0:12  Probe (Chrono Boost)  
  14  0:18  Pylon  
  14  0:23  Probe (Chrono Boost)  
  15  0:36  Probe (Chrono Boost)  
  15  0:37  Gateway  
  16  0:42  Assimilator  
  16  0:47  Probe (Chrono Boost)  
  17  0:57  Pylon  
  17  0:58  Probe (Chrono Boost)  
  18  1:08  Probe (Chrono Boost)  
  19  1:15  Gateway  
  19  1:20  Probe (Chrono Boost)  
  20  1:26  Cybernetics Core  
  20  1:31  Probe (Chrono Boost)  
  21  1:45  Assimilator  
  21  1:46  Probe (Chrono Boost)  
  22  2:03  Adept (Chrono Boost), Mothership Core (Chrono Boost)  
  22  2:04  Adept (Chrono Boost)  
  28  2:16  Pylon  
  28  2:21  Pylon  
  28  2:30  Adept (Chrono Boost), Warp Gate  
  32  2:39  Adept (Chrono Boost)  
  32  2:44  Probe  
  33  2:49  Pylon  
  33  2:51  Pylon x2  
  30  3:16  Adept (Chrono Boost)  
  30  3:18  Twilight Council  
  30  3:19  Adept (Chrono Boost)  
  32  3:54  Adept (Chrono Boost)  
  36  3:56  Adept (Chrono Boost)  
  36  3:59  Nexus  
  34  4:12  Blink (Chrono Boost)  
  29  4:30  Probe  
  30  4:40  Pylon  
  30  4:42  Pylon, Probe  
  31  4:58  Probe  
  32  5:10  Probe x2  
  32  5:11  Stalker x2  
  38  5:21  Probe  
  38  5:22  Probe  
  40  5:35  Stalker x2, Probe x2  
  45  5:40  Gateway  
  46  5:47  Probe  
  47  6:00  Stalker x2  
  47  6:03  Probe x2 (Chrono Boost)  
  47  6:13  Templar Archives  
  47  6:14  Probe x2 (Chrono Boost)  
  47  6:17  Pylon  
  49  6:24  Probe x2 (Chrono Boost)  
  51  6:27  Stalker x2  
  55  6:35  Probe (Chrono Boost)  
  52  6:50  Psionic Storm  
  52  6:53  High Templar  
  52  6:54  Probe x2 (Chrono Boost)  
  52  6:59  Assimilator x2  
  52  7:00  Pylon  
  52  7:04  High Templar  
  52  7:05  Probe x2 (Chrono Boost)  
  58  7:15  Probe x2 (Chrono Boost)  
  58  7:18  Nexus  
  58  7:20  Pylon  
  58  7:26  Probe x2 (Chrono Boost)  
  60  7:34  Charge  
  60  7:37  Pylon  
  60  7:40  Gateway, Pylon  
  60  7:48  Probe x2 (Chrono Boost)  
  62  7:51  Pylon  
  62  8:00  High Templar, Zealot  
  62  8:01  Probe (Chrono Boost)  
  62  8:02  Probe (Chrono Boost)  
  68  8:08  Gateway  
  68  8:09  Pylon  
  68  8:12  Probe x2 (Chrono Boost)  
  70  8:17  Gateway  
  70  8:19  Pylon  
  70  8:31  Zealot  
  70  8:32  High Templar  
  72  8:50  Zealot  
  72  8:57  Stalker  
  73  9:05  Probe (Chrono Boost)  
  73  9:06  Probe x2 (Chrono Boost)  
  73  9:09  High Templar, Assimilator  
  78  9:12  High Templar, Zealot, Assimilator  
  78  9:14  Pylon  
  78  9:16  Probe (Chrono Boost)  
  83  9:23  Zealot x2  
  83  9:36  Probe x2 (Chrono Boost)  
  85  9:44  Robotics Facility  
  85  9:46  Gateway  
  85  9:47  Gateway  
  85  9:50  Stalker x4  
  89  9:53  Forge  
  89  9:54  Forge, Zealot  
  89  9:57  Pylon  
  89  10:03  Pylon  
  80  10:21  Probe x2 (Chrono Boost)  
  68  10:29  Zealot  
  68  10:30  Zealot x3  
  68  10:32  Probe (Chrono Boost)  
  69  10:41  Observer (Chrono Boost)  
  59  10:52  Zealot x4  
  67  10:57  Probe x2  
  67  10:58  Probe  
  68  11:06  Stalker  
  68  11:09  Probe  
  65  11:11  Probe x2  
  64  11:20  Probe  
  64  11:22  Probe  
  64  11:24  High Templar, Pylon  
  64  11:25  High Templar x2  
  67  11:41  Archon  
  66  11:47  Nexus  
  66  11:49  High Templar x3  
  72  12:03  High Templar x2  
  72  12:04  Stalker  
  72  12:07  Zealot  
  72  12:08  Archon  
  80  12:16  Probe x2  
  82  12:25  High Templar  
  82  12:27  Probe x2  
  77  12:45  High Templar  
  77  12:46  Zealot  
  74  13:07  High Templar  
  74  13:12  Archon  
Tags
 
Add a new tag
Caveats
  • Supply blocks, unpowered buildings, or Contaminate may cause inaccurate times.
  • Supply counts are checked every 10 seconds.